 Dungeon Crawl Stone Soup version 0.20.1-1-g8b1a95d (webtiles) character file.

943 VirginKiller the Grappler (level 7, -12/53 HPs)
             Began as a Demigod Gladiator on Oct 10, 2017.
             Splashed by Ijyb's acid (14 damage)
             ... on level 5 of the Dungeon.
             The game lasted 00:26:32 (3199 turns).

VirginKiller the Grappler (Demigod Gladiator)       Turns: 3199, Time: 00:26:33

Health: -12/53     AC:  7    Str: 21    XL:     7   Next: 57%
Magic:  9/9        EV:  9    Int: 12    God:
Gold:   254        SH:  0    Dex: 19    Spells: 6/6 levels left

rFire    + . .     SeeInvis +     - Unarmed
rCold    + . .     Gourm    .   (no shield)
rNeg     . . .     Faith    .   n - +0 chain mail
rPois    .         Spirit   .   b - +0 helmet (curse)
rElec    .         Reflect  .   j - scarf {rC+ rF+}
rCorr    .         Harm     .   y - +2 pair of gloves {archery}
MR       .....                  s - +2 pair of boots
Stlth    ..........             (no amulet)
Regen    0.2/turn               k - ring of see invisible
MPRegen  0.2/turn               u - +2 ring of dexterity

@: corroded
A: high mp 1
a: no special abilities


You were on level 5 of the Dungeon.
You were not hungry.

You visited 1 branch of the dungeon, and saw 5 of its levels.

You collected 254 gold pieces.

Inventory:

Missiles
 c - 3 throwing nets
 e - 31 poisoned needles
 h - 6 curare-tipped needles
 C - 4 javelins (quivered)
Armour
 b - a cursed +0 helmet (worn)
 j - a scarf of resistance (worn)
 n - a +0 chain mail (worn)
 o - a +1 hat
 s - a +2 pair of boots (worn)
 y - a +2 pair of gloves of archery (worn)
Jewellery
 k - a ring of see invisible (left hand)
 l - an uncursed ring of ice
 u - a +2 ring of dexterity (right hand)
Wands
 p - a wand of iceblast (1/15)
Scrolls
 g - a scroll of magic mapping
 i - a scroll of enchant weapon
 m - 5 scrolls of teleportation
 t - a scroll of enchant armour {unknown}
 x - a scroll of blinking
 A - a scroll of amnesia {unknown}
 B - a scroll of remove curse
 E - a scroll of recharging {unknown}
Potions
 a - 3 potions of curing {unknown}
 f - a potion of mutation {unknown}
 q - 2 potions of lignification {unknown}
 v - a potion of invisibility {unknown}
 w - a potion of brilliance {unknown}
 z - 3 potions of agility {unknown}
Comestibles
 d - 5 bread rations
 r - 2 meat rations
 D - a fruit


   Skills:
 - Level 1.7 Fighting
 - Level 1.7 Throwing
 - Level 2.6 Dodging
 * Level 8.8 Unarmed Combat


You had 6 spell levels left.
You didn't know any spells.

Dungeon Overview and Level Annotations

Branches:
Dungeon (5/15)
 Temple: D:4-7

Annotations:
D:5 Ijyb


Innate Abilities, Weirdness & Mutations

You have an increased reservoir of magic. (+10% MP)


Message History

You completely miss Ijyb.
Ijyb struggles against the net.
You hit Ijyb but do no damage.
Ijyb struggles against the net.
You barely miss Ijyb.
Ijyb zaps a wand.
The bolt of acid hits you! The acid corrodes you!
You are splashed with acid!
The acid burns!
* * * LOW HITPOINT WARNING * * *
Ijyb struggles against the net.
You hit Ijyb. You punch Ijyb, but do no damage.
Ijyb is moderately wounded.
You hit Ijyb.
Ijyb is heavily wounded.
Ijyb struggles against the net.
You catch the helpless Ijyb completely off-guard!
You hit Ijyb but do no damage.
Ijyb is heavily wounded.
You punch Ijyb!
Ijyb is almost dead.
Ijyb zaps a wand.
The bolt of acid hits you!
* * * LOW HITPOINT WARNING * * *
You are splashed with acid!
The acid burns!
You die...

....#########.# ....#
#.# ....# #.#######
....# #......<#
#####################
.................#
################.#
#.# #@# #g# #.# #.#
#.# #.# #.# ..#


You could see Ijyb (caught).

Vanquished Creatures
  Sigmund (D:5)
  The ghost of Terandir the Magician, an amateur DEEE (D:3)
  Menkaure (D:5)
  The ghost of Stelteck the Digger, an amateur GrEE (D:4)
  A scorpion (D:5)
  2 bullfrog zombies (D:5)
  2 orc priests
  2 hounds
  An orc wizard (D:5)
  A worker ant (D:3)
  A hound zombie (D:5)
  3 adders
  2 oozes (D:2)
  4 worms
  2 dart slugs
  3 leopard geckos
  7 orcs
  2 ball pythons
  11 bats
  2 giant cockroaches
  7 goblins
  7 hobgoblins
  4 jackals (D:1)
  12 kobolds
  A quokka (D:2)
  2 frilled lizards
  A jackal skeleton (D:5)
  A leopard gecko skeleton (D:5)
  9 rats
94 creatures vanquished.

Notes
Turn   | Place    | Note
-------+----------+-------------------------------------------
     0 | D:1      | VirginKiller the Demigod Gladiator began the quest for the Orb.
     0 | D:1      | Reached XP level 1. HP: 17/17 MP: 3/3
    58 | D:1      | Reached skill level 3 in Unarmed Combat
    77 | D:1      | Reached XP level 2. HP: 20/24 MP: 4/4
   542 | D:1      | Reached XP level 3. HP: 29/29 MP: 5/5
   740 | D:2      | Reached skill level 4 in Unarmed Combat
  1179 | D:2      | Reached XP level 4. HP: 36/36 MP: 6/6
  1466 | D:3      | Reached skill level 5 in Unarmed Combat
  1534 | D:3      | Noticed Terandir's ghost (amateur DEEE)
  1570 | D:3      | Killed Terandir's ghost
  1570 | D:3      | Reached skill level 6 in Unarmed Combat
  1570 | D:3      | Reached XP level 5. HP: 31/41 MP: 7/7
  1847 | D:4      | Reached XP level 6. HP: 36/48 MP: 8/8
  2078 | D:4      | Noticed Stelteck's ghost (amateur GrEE)
  2119 | D:4      | Killed Stelteck's ghost
  2119 | D:4      | Reached skill level 7 in Unarmed Combat
  2526 | D:5      | Entered Level 5 of the Dungeon
  2570 | D:5      | Noticed Sigmund
  2574 | D:5      | Killed Sigmund
  2574 | D:5      | Reached XP level 7. HP: 53/53 MP: 9/9
  2664 | D:5      | Reached skill level 8 in Unarmed Combat
  2766 | D:5      | Noticed Menkaure
  2781 | D:5      | Killed Menkaure
  3188 | D:5      | Noticed Ijyb
  3199 | D:5      | HP: 2/53 [Ijyb/wand of acid (?/15) (13)]
  3199 | D:5      | Splashed by Ijyb's acid

Skill      XL: |  1  2  3  4  5  6  7 |
---------------+----------------------+-----
Unarmed Combat | 3 4 6 7 8 |  8.8
Fighting       | |  1.7
Throwing       | |  1.7
Dodging        | |  2.6

Action                   |  1- 3 |  4- 6 |  7- 9 || total
-------------------------+-------+-------+-------++-------
Melee: Unarmed           |   191 |   172 |    62 ||   425
       Punch             |     4 |     3 |     4 ||    11
Throw: Javelin           |       |     4 |     5 ||     9
       Throwing net      |       |       |     3 ||     3
  Use: Scroll            |       |     5 |       ||     5
 Stab: Sleeping          |     1 |       |       ||     1
       Held in net/web   |       |       |     2 ||     2
  Eat: Chunk             |     1 |     3 |     3 ||     7
       Fruit             |       |     1 |       ||     1
Armor: Leather armour    |     5 |       |       ||     5
       Ring mail         |    35 |       |       ||    35
       Chain mail        |    51 |    85 |    34 ||   170
Dodge: Dodged            |   113 |    62 |    10 ||   185
